 Dungeon Crawl Stone Soup version 0.28.0 (webtiles) character file.

Game seed: 16839593919808023169

238 lonewolfV2 the Skirmisher (level 5, -2/42 HPs)
             Began as a Demonspawn Fighter on Feb 10, 2022.
             Slain by Crazy Yiuf (7 damage)
             ... on level 3 of the Dungeon.
             The game lasted 00:03:52 (4136 turns).

lonewolfV2 the Skirmisher (Demonspawn Fighter)      Turns: 4136, Time: 00:03:53

Health: -2/42      AC:  6    Str: 19    XL:     5   Next: 78%
Magic:  5/5        EV: 10    Int:  9    God:
Gold:   132        SH:  5    Dex: 16    Spells: 4/4 levels left

rFire   . . .      SeeInvis .   e - +2 war axe (flame)
rCold   . . .      Faith    .   c - +0 buckler
rNeg    . . .      Spirit   .   b - +0 scale mail
rPois   .          Reflect  .   (no helmet)
rElec   .          Harm     .   (no cloak)
rCorr   .          Rampage  .   (no gloves)
Will    .....                   (no boots)
Stlth   ++........              (no amulet)
HPRegen 0.14/turn               (no ring)
MPRegen 0.09/turn               (no ring)

@: no status effects
A: thin skeletal structure 2, weakness stinger 1
a: no special abilities


You were on level 3 of the Dungeon.
You visited 1 branch of the dungeon, and saw 3 of its levels.

You collected 132 gold pieces.

Inventory:

Hand Weapons
 a - a +0 war axe
 e - a +2 war axe of flaming (weapon)
Armour
 b - a +0 scale mail (worn)
 c - a +0 buckler (worn)
Potions
 d - a potion of might
 f - a potion of mutation {unknown}
 g - a potion of attraction {unknown}
 h - a potion of resistance {unknown}
 i - 2 potions of curing


   Skills:
 + Level 4.0 Fighting
 + Level 3.5 Axes
 + Level 3.4 Armour
 + Level 1.8 Dodging
 + Level 0.3 Stealth
 + Level 3.1 Shields


You had 4 spell levels left.
You didn't know any spells.
Your spell library contained the following spells:

 Spells                   Type           Power      Damage    Failure   Level
 Ignite Poison            Fire/Tmut/Pois 0%         N/A       99%         3
 Mephitic Cloud           Conj/Pois/Air  0%         N/A       99%         3
 Freezing Cloud           Conj/Ice/Air   0%         6-21      100%        5


Dungeon Overview and Level Annotations

Branches:
Dungeon (3/15)

Altars:

Annotations:
D:3 Crazy Yiuf


Innate Abilities, Weirdness & Mutations

You have a moderately thin skeletal structure. (Dex +4, Stealth++)
You have a small tail.


Message History

The goblin hits you with a +0 club.
You hit the goblin. You burn the goblin.
The goblin is severely wounded.
The goblin hits you but does no damage.
You hit the goblin. You burn the goblin.
You kill the goblin!
Things that are here:
a +0 club; a goblin corpse
Things that are here:
a +0 club; a goblin corpse
Found an escape hatch in the floor.
Found a dagger.
You see here a +0 dagger.
You enter the shallow water.
Moving in this stuff is going to be slow.
Found a mace.
Found a runed translucent door.
There is a stone staircase leading up here.
There is a stone staircase leading down here.
There is a stone staircase leading down here.
You see here a +0 dagger.
You see here 19 stones.
You see here 20 bolts.
You enter the shallow water.
Moving in this stuff is going to be slow.
You enter the shallow water.
Moving in this stuff is going to be slow.
Key pressed, stopping explore.
You see here a +0 dagger.
Crazy Yiuf shouts!
You open the door.
Crazy Yiuf hits you with a +4 quarterstaff of chaos!
Crazy Yiuf freezes you.
There is an open translucent door here.
You barely miss Crazy Yiuf. You tail-slap Crazy Yiuf.
Crazy Yiuf is moderately wounded.
You block Crazy Yiuf's attack.
Crazy Yiuf hits you with a +4 quarterstaff of chaos!
* * * LOW HITPOINT WARNING * * *
Crazy Yiuf burns you!
You die...

.# #.#.##.##
#....#
.###.#.#...#
♣....♣
...#.#.##..#
♣♣♣..♣
...#.#.....#
♣.♣♣
.....#####.#
♣♣.♣ ...###
#.# ♣.♣♣
...# #.#
♣♣.♣ ####
#.# ♣.♣♣
#######.#
#@#
#.......#
#.g.#
####.#######
#...#
#.......#
#)..#
#.##.##.#
#####
#.##.##.#
.....##.#
#.#####.#
#.......#


You could see Crazy Yiuf.

Vanquished Creatures
  Terence (D:3)
  Natasha (thrice) (D:3)
  Robin (D:3)
  A gnoll (D:1)
  4 adders
  A dart slug (D:1)
  2 worms (D:2)
  An orc (D:3)
  5 ball pythons
  6 bats
  5 endoplasms
  2 giant cockroaches
  18 goblins
  4 hobgoblins
  10 kobolds
  3 quokkas
  2 frilled lizards (D:3)
  5 rats
74 creatures vanquished.

Vanquished Creatures (others)
  21 plants
21 creatures vanquished.

Grand Total: 95 creatures vanquished

Notes
Turn   | Place    | Note
-------+----------+-------------------------------------------
     0 | D:1      | lonewolfV2 the Demonspawn Fighter began the quest for the
                  | Orb.
     0 | D:1      | Reached XP level 1. HP: 18/18 MP: 1/1
   276 | D:1      | Gained mutation: You have a somewhat thin skeletal
                  | structure. (Dex +2, Stealth+) [demonic ancestry]
   276 | D:1      | Reached XP level 2. HP: 21/24 MP: 2/2
   693 | D:1      | Reached XP level 3. HP: 29/29 MP: 3/3
  1559 | D:2      | Reached skill level 1 in Dodging
  1559 | D:2      | Gained mutation: You have a small tail. [demonic ancestry]
  1559 | D:2      | Reached XP level 4. HP: 4/36 MP: 4/4
  2378 | D:3      | Noticed Robin
  2383 | D:3      | Noticed Natasha
  2395 | D:3      | Killed Robin
  2400 | D:3      | Killed Natasha
  2401 | D:3      | Gained mutation: You have a moderately thin skeletal
                  | structure. (Dex +4, Stealth++) [demonic ancestry]
  2401 | D:3      | Reached XP level 5. HP: 12/42 MP: 5/5
  2945 | D:3      | Noticed Natasha
  2962 | D:3      | Killed Natasha
  3128 | D:3      | Noticed Natasha
  3152 | D:3      | Killed Natasha
  3572 | D:3      | Noticed Terence
  3583 | D:3      | Killed Terence
  3584 | D:3      | Reached skill level 4 in Fighting
  3816 | D:3      | Found a runed translucent door.
  3817 | D:3      | Noticed Crazy Yiuf
  4136 | D:3      | Slain by Crazy Yiuf

Illustrated notes

Levels and vault maps discovered:
D:1:      zelgadis_glass_arrival_small, layout_basic, nicolae_grassy_gnolls
D:2:      layout_rooms, serial_bayou_lagoon_a
D:3:      layout_loops_cross, chequers_serial_rivers_small_a,
          minmay_misc_feat_pillars, chequers_decorated_corner,
          grunt_decor_clamped, minmay_misc_feat_iff,
          chequers_serial_rivers_small_a, serial_park_tiny_2, uniq_robin,
          uniq_terence, uniq_crazy_yiuf_cottage, uniq_natasha

Skill      XL: |  1  2  3  4  5 |
---------------+----------------+-----
Axes           | 2 3 |  3.5
Armour         | 3 |  3.4
Shields        | 3 |  3.1
Dodging        | 1 |  1.8
Fighting       | 4 |  4.0
Stealth        | |  0.3

Action                   |  1- 3 |  4- 6 || total
-------------------------+-------+-------++-------
Melee: War axe           |   101 |    83 ||   184
       Tailslap          |       |     5 ||     5
  Use: Scroll            |     4 |     2 ||     6
       Potion            |       |     3 ||     3
 Stab: Sleeping          |       |     1 ||     1
Armor: Scale mail        |    62 |    58 ||   120
Dodge: Dodged            |    53 |    57 ||   110
Block: Buckler           |    28 |    24 ||    52
